 Dungeon Crawl Stone Soup version bcrawl-1.31 (webtiles) character file.

Game seed: 10079446225992447588

134456 Morbidden the Sneak (level 5, -4/54 HPs)
             Began as an Ent Archaeologist on Apr 3, 2021.
             Killed by divine providence
             ... invoked by an orc priest
              (11 damage)
             ... on level 4 of the Dungeon on Apr 4, 2021.
             The game lasted 00:04:05 (2858 turns).

Morbidden the Sneak (Ent Archaeologist)             Turns: 2858, Time: 00:04:05

Health: -4/54      AC: 13    Str: 23    XL:     5   Next: 23%
Magic:  5/5        EV: 10    Int: 15    God:
Gold:   238        SH:  0    Dex:  8    Spells: 4/4 levels left

rFire    . . .     SeeInvis .   a - +0 long sword (slice)
rCold    . . .     Gourm    .   (no shield)
rNeg     + + +     Faith    .   (armour unavailable)
rPois    +         Spirit   .   c - +1 hat
rElec    .         Reflect  .   (no cloak)
rCorr    .         Harm     .   (gloves unavailable)
MR       .....                  (boots unavailable)
Stlth    ++........             f - amulet "Louth" {RegenMP Str+4}
HPRegen  0.18/turn              (no ring)
MPRegen  0.34/turn              (no ring)

@: very slow
A: large, slow actions, passwall, strong branches, negative energy resistance 3,
poison resistance, slow metabolism 1, torment resistance, unbreathing, AC +12
a: Passwall


You were on level 4 of the Dungeon.
You were hungry.

You visited 1 branch of the dungeon, and saw 4 of its levels.

You collected 238 gold pieces.

Inventory:

Hand Weapons
 a - a +0 long sword of slicing (weapon)
 b - a +0 blowgun
 k - a +0 dagger
Missiles
 d - 6 curare-tipped needles
 y - 17 poisoned needles
Armour
 c - a +1 hat (worn)
Jewellery
 f - the amulet "Louth" (around neck) {RegenMP Str+4}
   (You acquired it on level 4 of the Dungeon)

   [amulet of magic regeneration]

   It increases your magic regeneration.
   It affects your strength (+4).
Scrolls
 g - 2 scrolls of magic mapping
 h - 3 scrolls of immolation {unknown}
 i - 2 scrolls of identify
 j - 2 scrolls of blinking {unknown}
 l - 5 scrolls of teleportation {unknown}
 p - a scroll of amnesia {unknown}
 t - a scroll of noise {unknown}
 v - a scroll of enchant weapon {unknown}
 w - a scroll of remove curse {unknown}
 x - a scroll of fog {unknown}
Potions
 m - a potion of ambrosia {unknown}
 n - a potion of agility {unknown}
 o - 4 potions of curing {unknown}
 q - 2 potions of haste {unknown}
 r - 3 potions of brilliance {unknown}
 s - a potion of might {unknown}
 u - 2 potions of lignification {unknown}
 z - 2 potions of degeneration {unknown}
 A - a potion of heal wounds {unknown}
Comestibles
 e - 5 rations {!d}
 B - 4 chunks of flesh


   Skills:
 + Level 2.4 Fighting
 + Level 0.7(1.6) Short Blades
 * Level 2.6(2.7) Long Blades
   Level 1.2 Maces & Flails
 + Level 3.3 Dodging
 + Level 4.2 Stealth
 + Level 1.1 Unarmed Combat


You had 4 spell levels left.
You didn't know any spells.
Your spell library was empty.

Dungeon Overview and Level Annotations

Branches:
Dungeon (4/12)
 Temple: D:4-7

Altars:
Sif Muna
Wu Jian


Innate Abilities, Weirdness & Mutations

You move and act slowly.
You can pass through walls and trees.
Your branches can wield two-handed weapons with a shield.
Your thick bark is tough. (AC +12)
You are too large for most types of armour.
You are immune to negative energy. (rN+++)
Your system is resistant to poisons. (rPois)
You have a slow metabolism.
You are immune to unholy pain and torment.
You can survive without breathing.


Message History

The adder skeleton bites you.
* * * LOW HITPOINT WARNING * * *
The orc hits you but does no damage. The orc priest barely misses you.
You hit the orc.
Snnnck.
The orc is severely wounded.
The adder skeleton bites you.
* * * LOW HITPOINT WARNING * * *
The orc hits you with a +0 war axe.
* * * LOW HITPOINT WARNING * * *
The orc closely misses you.
The orc priest calls upon Beogh to heal the orc.
The orc is healed somewhat.
The adder skeleton bites you but does no damage.
The orc barely misses you. The orc hits you but does no damage.
You slash the orc!
You kill the orc!
The adder skeleton misses you.
The orc priest invokes the aid of Beogh against you.
Beogh smites you!
You die...

##.# .# #..# .##
##.## ##..##
#..## #.....
#...## ###..#
##...###...# #
#.........## .#
#...####..)##..#
#..## ##..@).#
#..# ##Zoo.#
#<## ##.....#
#.# #........
... .........
#.... ..).#####
.....# !....
...#### ......#
...


You could see an orc priest, an orc and an adder skeleton.

Vanquished Creatures
  An orc priest (D:4)
  2 orc wizards (D:3)
  An adder (D:3)
  An ooze (D:2)
  4 worms
  A dart slug (D:3)
  2 leopard geckos
  7 orcs
  A giant cockroach (D:3)
  2 goblins (D:1)
  5 hobgoblins
  4 jackals (D:3)
  2 quokkas
  4 bats
  A frilled lizard (D:1)
  8 kobolds
  4 rats
50 creatures vanquished.

Notes
Turn   | Place    | Note
-------+----------+-------------------------------------------
     0 | D:1      | Morbidden the Ent Archaeologist began the quest for the
                  | Orb.
     0 | D:1      | Reached XP level 1. HP: 21/21 MP: 1/1
   673 | D:1      | Reached skill level 1 in Unarmed Combat
   729 | D:1      | Reached XP level 2. HP: 29/29 MP: 2/2
   900 | D:2      | Reached skill level 4 in Stealth
  1811 | D:3      | Reached XP level 3. HP: 28/36 MP: 3/3
  1908 | D:3      | Reached skill level 1 in Long Blades
  2209 | D:3      | Found an ornate altar of the Wu Jian Council.
  2238 | D:3      | Reached XP level 4. HP: 13/46 MP: 4/4
  2688 | D:3      | Found a shimmering blue altar of Sif Muna.
  2835 | D:4      | Reached XP level 5. HP: 54/54 MP: 5/5
  2835 | D:4      | Identified a scroll of acquirement
  2838 | D:4      | Identified the +5 giant club of Fazojicat {crush, rF+} (You
                  | acquired it on level 4 of the Dungeon)
  2838 | D:4      | Identified the amulet "Louth" {RegenMP Str+4} (You acquired
                  | it on level 4 of the Dungeon)
  2858 | D:4      | Killed from afar by an orc priest

Skill      XL: |  1  2  3  4 |
---------------+-------------+-----
Unarmed Combat | 1 |  1.1
Stealth        | 4 |  4.2
Dodging        | 3 |  3.3
Long Blades    | 1 2 |  2.6
Fighting       | 2 |  2.4
Short Blades   | |  0.7
Maces & Flails | |  1.2

Action                   |  1- 3 |  4- 6 || total
-------------------------+-------+-------++-------
Melee: Unarmed           |    20 |       ||    20
       Dagger            |   108 |       ||   108
       Long sword        |    66 |    45 ||   111
 Fire: Blowgun           |     4 |     7 ||    11
  Use: Scroll            |     1 |     1 ||     2
 Stab: Sleeping          |     5 |     1 ||     6
  Eat: Chunk             |     5 |     3 ||     8
       Ration            |     1 |       ||     1
Armor: Skin              |   167 |    57 ||   224
Dodge: Dodged            |   190 |    45 ||   235
